Map: Dusk Towers

Players

Serral - Winner!

  • Race: Zerg Zerg
  • League: Grandmaster

Nerchio

  • Race: Zerg Zerg
  • League: Grandmaster

Event: DreamHack ZOWIE Open Leipzig

VOD

Have the link to the VOD?

Description

Time

  • Played on: Jan. 22, 2016, 8:13 a.m.
  • Length: 13:52

All games in this series

Show
View Real Time Build Order
Export as new Build Order

Serral Zerg - Winner!

Build Orders: Hatch First, Lurkers 

Get SALT Encoding   

  12  0:00  Drone  
  13  0:12  Overlord  
  13  0:17  Drone  
  14  0:31  Drone  
  14  0:32  Drone  
  14  0:34  Drone  
  17  0:51  Hatchery  
  17  0:55  Drone  
  17  0:58  Drone  
  17  1:02  Extractor  
  17  1:06  Drone  
  18  1:19  Spawning Pool  
  18  1:20  Drone  
  18  1:27  Drone  
  19  1:38  Overlord  
  19  2:05  Zergling x2, Queen  
  19  2:06  Queen, Zergling x2  
  19  2:07  Metabolic Boost  
  26  2:08  Drone  
  26  2:11  Drone  
  26  2:14  Drone  
  28  2:23  Roach Warren  
  28  2:26  Drone  
  29  2:30  Drone  
  29  2:38  Drone, Overlord  
  30  2:44  Drone  
  30  2:46  Drone  
  32  2:54  Overlord  
  32  2:57  Drone  
  33  3:07  Drone  
  34  3:13  Roach x3  
  34  3:14  Roach x2  
  34  3:16  Drone x2  
  34  3:18  Drone  
  47  3:30  Drone  
  47  3:31  Drone  
  49  3:38  Extractor  
  49  3:40  Hatchery, Drone x2  
  50  3:47  Drone x2  
  50  3:48  Evolution Chamber  
  51  3:49  Overlord  
  51  3:51  Overlord  
  52  3:56  Overlord  
  52  3:59  Overlord  
  52  4:08  Roach x3  
  52  4:09  Roach  
  58  4:17  Roach x2  
  58  4:18  Roach  
  58  4:20  Zergling x2  
  58  4:21  Zergling x6  
  68  4:24  Spine Crawler  
  68  4:25  Queen  
  68  4:27  Queen  
  66  4:39  Roach, Zergling x6  
  66  4:40  Zergling x2  
  58  5:00  Hatchery  
  58  5:01  Drone x2  
  58  5:06  Drone  
  58  5:07  Drone  
  60  5:08  Drone  
  58  5:16  Drone x2  
  58  5:19  Drone  
  61  5:24  Drone x2  
  61  5:25  Evolution Chamber  
  60  5:31  Drone x2  
  60  5:34  Drone x2  
  60  5:35  Extractor  
  63  5:39  Drone x2  
  63  5:41  Drone  
  66  5:45  Overlord  
  66  5:47  Drone  
  66  5:48  Drone  
  68  5:52  Extractor  
  68  5:53  Zerg Missile Weapons Level 1  
  68  5:56  Drone  
  68  6:00  Overlord  
  68  6:03  Roach x2  
  72  6:09  Roach x2  
  74  6:12  Queen  
  76  6:21  Overlord  
  76  6:23  Lair  
  76  6:25  Roach  
  78  6:27  Drone x3  
  81  6:33  Roach  
  81  6:34  Overlord  
  81  6:36  Drone x2  
  85  6:42  Extractor  
  85  6:43  Drone x4  
  88  6:50  Overlord  
  88  6:51  Drone  
  89  6:55  Drone x5  
  89  6:56  Drone  
  95  7:03  Drone x2  
  95  7:06  Overlord  
  95  7:07  Ravager x4  
  101  7:08  Overlord  
  101  7:16  Overlord  
  101  7:17  Drone x2  
  101  7:18  Extractor  
  101  7:19  Drone  
  101  7:21  Overlord  
  103  7:24  Glial Reconstitution  
  103  7:25  Overlord  
  103  7:26  Drone x2  
  103  7:28  Overlord  
  105  7:37  Roach x3  
  105  7:38  Roach  
  105  7:41  Overseer  
  113  7:46  Roach x2  
  113  7:47  Roach x3  
  123  7:52  Zerg Missile Weapons Level 2  
  123  7:57  Drone x3  
  123  7:58  Overlord, Extractor  
  125  8:00  Roach x2  
  125  8:04  Roach x3  
  135  8:19  Overlord  
  135  8:25  Hydralisk Den  
  135  8:26  Pneumatized Carapace  
  134  8:29  Roach x5  
  144  8:34  Ravager  
  144  8:40  Roach x4  
  153  8:42  Hatchery  
  152  8:48  Overseer  
  152  8:50  Overlord  
  152  9:02  Overlord  
  152  9:03  Overlord x3  
  150  9:11  Roach x10  
  170  9:17  Lurker Den  
  170  9:18  Overlord  
  170  9:26  Hatchery  
  169  9:39  Overlord x2  
  169  9:40  Roach  
  169  9:41  Roach x6  
  169  9:44  Overlord  
  183  9:47  Ravager x2  
  183  9:51  Overseer  
  185  9:53  Infestation Pit  
  168  10:00  Roach  
  168  10:01  Roach x4  
  173  10:11  Zerg Ground Armor Level 1  
  173  10:17  Roach  
  173  10:18  Roach x4  
  183  10:23  Drone x3  
  186  10:30  Ravager x2  
  186  10:34  Drone x2, Spine Crawler  
  189  10:36  Spine Crawler  
  189  10:38  Queen  
  189  10:40  Roach x5  
  200  10:49  Muscular Augments  
  194  11:07  Roach  
  194  11:08  Roach x4  
  194  11:11  Extractor  
  195  11:12  Extractor  
  190  11:18  Hydralisk x4  
  190  11:19  Hydralisk  
  190  11:20  Burrow  
  196  11:39  Roach x4  
  196  11:56  Roach x5  
  196  11:57  Roach x2  
  171  12:03  Roach  
  171  12:04  Roach x16  
  172  12:13  Roach  
  172  12:14  Roach x5  
  172  12:15  Ravager x2  
  176  12:16  Lurker x4  
  180  12:23  Drone x3  
  180  12:24  Ravager  
  180  12:25  Roach x3  
  180  12:26  Roach  
  192  12:38  Roach x4  
  198  12:58  Roach x6  
  172  12:59  Roach x2  
  162  13:09  Roach  
  162  13:10  Roach x6  
  162  13:11  Roach  
  148  13:19  Roach  
  152  13:20  Roach x4  
  154  13:27  Ravager  
  154  13:28  Ravager x2  
  154  13:29  Ravager  
  154  13:30  Roach x4  
  154  13:31  Roach  
Show
View Real Time Build Order
Export as new Build Order

Nerchio Zerg 

Build Orders: Hatch First 

Get SALT Encoding   

  12  0:00  Drone  
  13  0:12  Overlord  
  13  0:17  Drone  
  14  0:30  Drone x2  
  14  0:34  Drone  
  17  0:52  Hatchery  
  17  0:55  Drone  
  17  0:58  Drone  
  17  1:01  Extractor  
  17  1:14  Spawning Pool  
  17  1:16  Drone  
  17  1:20  Drone  
  18  1:28  Drone  
  19  1:38  Overlord  
  19  1:55  Drone  
  19  2:00  Queen  
  19  2:01  Zergling x2  
  23  2:02  Metabolic Boost  
  23  2:03  Queen  
  23  2:08  Zergling x2  
  26  2:12  Drone  
  26  2:14  Drone  
  28  2:21  Drone  
  29  2:25  Drone  
  30  2:32  Roach Warren  
  30  2:34  Drone  
  30  2:36  Zergling x2  
  31  2:43  Overlord  
  31  2:47  Drone  
  32  2:57  Overlord  
  32  3:17  Roach x8  
  48  3:26  Roach  
  50  3:28  Overlord  
  49  3:34  Drone  
  49  3:38  Overlord  
  50  3:41  Overlord  
  50  3:48  Zergling x8  
  54  3:52  Zergling x4  
  54  3:54  Zergling x2  
  57  3:56  Zergling x2  
  57  4:02  Zergling x2  
  57  4:12  Zergling x4  
  60  4:17  Zergling x4  
  60  4:18  Zergling x2  
  60  4:19  Zergling x2  
  60  4:22  Zergling x2  
  64  4:24  Zergling x6  
  66  4:33  Drone  
  66  4:38  Zergling x2  
  64  4:42  Zergling x2  
  64  4:43  Queen  
  60  4:46  Drone  
  60  4:50  Drone  
  60  4:51  Drone  
  51  4:57  Drone x2  
  51  4:58  Drone  
  51  4:59  Drone  
  49  5:00  Drone  
  49  5:05  Drone x2  
  48  5:13  Roach  
  50  5:14  Roach  
  50  5:18  Spine Crawler  
  48  5:24  Roach x2  
  52  5:35  Roach x3  
  58  5:36  Roach x2  
  58  5:38  Roach  
  63  5:49  Drone  
  64  5:50  Hatchery  
  64  5:51  Drone  
  64  5:59  Overlord  
  64  6:00  Evolution Chamber, Drone  
  64  6:03  Drone  
  64  6:04  Drone x2  
  67  6:05  Drone  
  68  6:13  Extractor  
  68  6:15  Overlord x2  
  67  6:19  Drone x3  
  67  6:22  Extractor  
  69  6:26  Drone  
  69  6:29  Roach  
  69  6:31  Drone  
  71  6:35  Ravager x3  
  71  6:36  Drone  
  71  6:37  Drone x2  
  77  6:42  Ravager  
  78  6:50  Roach x4  
  78  6:53  Overlord  
  85  7:01  Drone  
  85  7:02  Ravager  
  85  7:03  Drone x4  
  85  7:07  Drone  
  91  7:13  Drone x2  
  91  7:14  Drone x2  
  95  7:16  Drone x2, Extractor  
  95  7:18  Lair  
  95  7:20  Extractor  
  95  7:23  Drone  
  95  7:27  Zerg Missile Weapons Level 1  
  95  7:28  Overlord  
  95  7:29  Overlord  
  96  7:33  Overlord x2  
  96  7:37  Overlord  
  96  7:38  Overlord  
  96  7:41  Overlord  
  96  7:47  Drone x2  
  96  7:50  Drone x2  
  100  7:53  Evolution Chamber  
  100  7:56  Roach x3  
  105  8:00  Drone, Roach  
  105  8:01  Roach  
  105  8:02  Evolution Chamber  
  105  8:05  Roach  
  111  8:07  Roach x2  
  111  8:12  Roach x3  
  121  8:14  Drone x2  
  121  8:16  Glial Reconstitution  
  123  8:25  Drone x2  
  125  8:30  Drone x3, Extractor  
  125  8:31  Roach x4  
  135  8:35  Overseer  
  135  8:37  Zerg Ground Armor Level 1  
  135  8:40  Roach  
  135  8:41  Roach  
  139  8:45  Drone x2  
  139  8:48  Overlord x2  
  141  8:52  Roach x2  
  141  8:53  Ravager  
  141  8:55  Overlord x2  
  146  9:00  Overlord  
  146  9:06  Ravager x2  
  146  9:07  Ravager  
  146  9:08  Roach x5  
  159  9:10  Roach  
  159  9:13  Overlord  
  159  9:14  Roach  
  163  9:25  Roach x3  
  163  9:26  Roach x2  
  163  9:28  Zerg Missile Weapons Level 2  
  163  9:31  Roach x3  
  177  9:36  Roach x3  
  185  9:38  Overseer  
  185  9:53  Roach x2  
  185  9:54  Roach  
  189  10:06  Ravager x2  
  189  10:07  Ravager  
  192  10:09  Overlord x3, Ravager  
  192  10:11  Ravager  
  192  10:12  Overlord x2  
  194  10:19  Overlord  
  194  10:20  Hatchery  
  193  10:26  Ravager  
  193  10:27  Ravager  
  193  10:28  Ravager, Roach x2  
  200  10:37  Zerg Ground Armor Level 2  
  185  11:05  Roach x8  
  185  11:08  Roach  
  185  11:10  Roach  
  196  11:13  Roach  
  196  11:14  Roach  
  198  11:22  Ravager  
  193  11:27  Roach x3  
  199  11:34  Roach  
  199  11:38  Roach  
  198  11:44  Ravager  
  199  11:56  Roach  
  199  11:57  Roach x8  
  199  11:59  Roach  
  199  12:00  Roach x4  
  192  12:02  Roach  
  192  12:05  Roach  
  192  12:06  Roach  
  154  12:11  Roach x2  
  154  12:13  Roach  
  154  12:14  Roach  
  154  12:15  Roach  
  150  12:17  Queen  
  150  12:18  Queen  
  150  12:21  Roach  
  150  12:22  Roach x3  
  162  12:27  Hydralisk Den  
  162  12:28  Ravager x2, Roach, Queen  
  162  12:29  Roach  
  169  12:31  Ravager x3  
  169  12:32  Roach  
  169  12:33  Ravager x3  
  169  12:35  Roach  
  179  12:39  Drone  
  179  12:40  Drone x2  
  179  12:41  Extractor  
  179  12:42  Drone x2  
  183  12:46  Roach  
  183  12:47  Roach x3  
  177  12:52  Roach x3  
  177  12:54  Roach  
  177  12:57  Roach  
  171  12:58  Roach  
  171  13:02  Roach  
  171  13:03  Hatchery  
  154  13:07  Roach x2  
  154  13:08  Roach x4  
  129  13:15  Roach x3  
  129  13:17  Roach x2  
  124  13:20  Roach x2  
  124  13:26  Ravager  
  127  13:28  Roach x2  
  127  13:30  Roach  
  127  13:32  Roach  

Tags
 
Add a new tag
Caveats
  • Supply blocks, unpowered buildings, or Contaminate may cause inaccurate times.
  • Supply counts are checked every 10 seconds.